 Dungeon Crawl Stone Soup version 0.19.1 (webtiles) character file.

61 HessuHobo the Skirmisher (level 3, 0/29 HPs)
             Began as a Demonspawn Fighter on Dec 26, 2016.
             Was an Initiate of Dithmenos.
             Slain by a hound (1 damage)
             ... on level 4 of the Dungeon on Dec 27, 2016.
             The game lasted 00:10:44 (2461 turns).

HessuHobo the Skirmisher (Demonspawn Fighter)       Turns: 2461, Time: 00:10:44

Health: 0/29       AC:  6    Str: 17    XL:     3   Next: 83%
Magic:  3/3        EV:  7    Int:  9    God:    Dithmenos [......]
Gold:   192        SH: 10    Dex: 12    Spells: 0 memorised, 2 levels left

rFire  . . .     SeeInvis .       - Unarmed
rCold  + . .     Gourm    .     a - +0 scale mail
rNeg   . . .     Faith    .     b - +1 shield
rPois  .         Spirit   .     (no helmet)
rElec  .         Reflect  .     (no cloak)
rCorr  .         Harm     .     (no gloves)
MR     .....                    (no boots)
Stlth  ..........               (no amulet)
                                (no ring)
                                (no ring)

@: no status effects
A: cold resistance 1
a: Renounce Religion


You were on level 4 of the Dungeon.
You worshipped Dithmenos.
Dithmenos was noncommittal.
You were not hungry.

You visited 1 branch of the dungeon, and saw 4 of its levels.

You collected 192 gold pieces.

Inventory:

Armour
 a - a +0 scale mail (worn)
 b - a +1 shield (worn)
 c - a cursed -2 cloak
Wands
 g - a wand of confusion (20/48)
 h - a wand of digging (8/24)
Scrolls
 i - 6 scrolls of identify {unknown}
 k - a scroll of enchant weapon
 l - a scroll of immolation {unknown}
Potions
 e - 4 potions of curing
 f - a potion of ambrosia {unknown}
Comestibles
 d - 3 bread rations
 j - 3 meat rations


   Skills:
 + Level 3.2 Fighting
 + Level 3.1 Armour
 + Level 0.5 Dodging
 + Level 3.0 Shields
 * Level 2.8 Unarmed Combat


You had 2 spell levels left.
You didn't know any spells.

Dungeon Overview and Level Annotations

Branches:
Dungeon (4/15)
 Temple: D:4-7

Altars:
Dithmenos
Yredelemnul

Annotations:
D:3 retryentry's ghost, amateur MfGl


Innate Abilities, Weirdness & Mutations

Your flesh is cold resistant. (rC+)


Message History

You block the hound's attack.
You hit the hound but do no damage.
The hound is severely wounded.
The hound bites you but does no damage. You block the hound's attack.
Found a scroll labeled GUNEROLIRPH.
You closely miss the hound.
The hound is severely wounded.
You block the hound's attack. The hound bites you.
* * * LOW HITPOINT WARNING * * *
You block the hound's attack. You block the hound's attack.
The hound bites you.
* * * LOW HITPOINT WARNING * * *
Okay, then.
Okay, then.
Okay, then.
The hound bites you.
You die...

.......#........
#####.##.##########
#.................#
#.###.##.##)..##.##
#.# #.##.##...##.#
..###.##.##...##.#
<......#.##...##.#
..###>.#.##...##h#
..# #..#.##...##@#
...
...#.##...##......#
..##
#.......#......#
..#
#.#####.#......#
..# # ###.#....###
... #...#....+
#.###....#
#.........
####......


You could see a hound.

Vanquished Creatures
  An adder (D:2)
  A worm (D:3)
  2 dart slugs
  3 leopard geckos
  3 orcs (D:3)
  6 bats
  3 giant cockroaches
  3 goblins
  2 hobgoblins
  A quokka (D:2)
  3 frilled lizards
  5 kobolds
  5 rats
38 creatures vanquished.

Notes
Turn   | Place    | Note
-------+----------+-------------------------------------------
     0 | D:1      | HessuHobo the Demonspawn Fighter began the quest for the Orb.
     0 | D:1      | Reached XP level 1. HP: 18/18 MP: 1/1
   385 | D:1      | Gained mutation: Your flesh is cold resistant. (rC+) [demonic ancestry]
   385 | D:1      | Reached XP level 2. HP: 23/24 MP: 2/2
   728 | D:2      | Found a shadowy altar of Dithmenos.
   748 | D:2      | Became a worshipper of Dithmenos the Shadowed
   938 | D:2      | Reached XP level 3. HP: 26/29 MP: 3/3
  1390 | D:3      | Noticed retryentry's ghost (amateur MfGl)
  1674 | D:3      | Found a faded altar of an unknown god.
  1930 | D:3      | Found a basalt altar of Yredelemnul.
  2459 | D:4      | HP: 1/29 [hound (4)]
  2461 | D:4      | Slain by a hound

Skill      XL: |  1  2 |
---------------+-------+-----
Armour         | 3 |  3.1
Unarmed Combat | 2 |  2.8
Shields        | 3 |  3.0
Fighting       | |  3.2
Dodging        | |  0.5

Action                   || total
-------------------------++-------
Melee: Unarmed           ||   246
  Use: Potion            ||     5
       Scroll            ||     4
 Stab: Invisible         ||     1
  Eat: Chunk             ||     4
       Beef jerky        ||     1
Armor: Scale mail        ||   103
Dodge: Dodged            ||    61
Block: Shield            ||   136
